 Dungeon Crawl Stone Soup version 0.28-a0-1518-gbe868bca14 (webtiles) character file.

Game seed: 3193694781569646217

2 knot the Skirmisher (level 1, 0/27 HPs)
             Began as a Demonspawn Berserker on Jan 16, 2022.
             Was a Follower of Trog.
             Slain by a quokka (5 damage)
             ... on level 1 of the Dungeon.
             The game lasted 00:00:07 (47 turns).

knot the Skirmisher (Demonspawn Berserker)            Turns: 47, Time: 00:00:09

Health: 0/27       AC:  2    Str: 17    XL:     1   Next: 33%
Magic:  1/1        EV: 12    Int:  8    God:    Trog [*.....]
Gold:   0          SH:  0    Dex: 12    Spells: 0/0 levels left

rFire   . . .      SeeInvis .   a - +0 hand axe
rCold   . . .      Faith    .   (no shield)
rNeg    . . .      Spirit   .   b - +0 animal skin
rPois   .          Reflect  .   (no helmet)
rElec   .          Harm     .   (no cloak)
rCorr   .          Rampage  .   (no gloves)
Will    .....                   (no boots)
Stlth   ..........              (no amulet)
HPRegen 0.09/turn               (no ring)
MPRegen 0.07/turn               (no ring)

@: berserking, very quick
A: no striking features
a: Renounce Religion, Berserk


You were on level 1 of the Dungeon.
You worshipped Trog.
Trog was aware of your devotion.
You visited 1 branch of the dungeon, and saw 1 of its levels.

Inventory:

Hand Weapons
 a - a +0 hand axe (weapon)
Armour
 b - a +0 animal skin (worn)
Potions
 c - 2 potions of flight {unknown}


   Skills:
 - Level 3.0 Fighting
 + Level 2.9 Axes
 - Level 1.7 Armour
 - Level 1.7 Dodging


You couldn't memorise any spells.
You didn't know any spells.
Your spell library was empty.

Dungeon Overview and Level Annotations

Branches:
Dungeon (1/15)

Altars:


Message History

The bat closely misses you. The kobold closely misses you.
You closely miss the kobold. You hit the bat.
You kill the bat!
Trog accepts your kill. The kobold closely misses you. The quokka bites you.
The goblin hits you with a +0 dagger.
You are too injured to fight recklessly!
You are too injured to fight recklessly!
Unknown command.
A red film seems to cover your vision as you go berserk!
You feel yourself moving faster!
You feel mighty! The kobold closely misses you. The quokka barely misses you.
The goblin hits you with a +0 dagger.
You are too injured to fight recklessly!
You are too injured to fight recklessly!
You are too injured to fight recklessly!
You are too injured to fight recklessly!
You slash the goblin!
You kill the goblin!
Trog accepts your kill.
You completely miss the kobold. You hit the quokka. The kobold misses you.
The quokka bites you.
* * * LOW HITPOINT WARNING * * *
You closely miss the quokka.
The quokka is severely wounded.
You hit the kobold.
You kill the kobold!
Trog accepts your kill. The quokka barely misses you.
You barely miss the quokka.
The quokka is severely wounded.
You miss the goblin. The quokka bites you.
* * * LOW HITPOINT WARNING * * *
You barely miss the quokka.
The quokka is heavily wounded.
You hit the goblin.
You kill the goblin!
Trog accepts your kill. The quokka bites you.
You die...

.. ... .####.##
....... #.....
#..... #.#.g#
#.)r# #)@#####.#
##.#....#
##....# ##.###.#
##.## #..##
########
#..#.###......#
##.###.##.####.#
#.# ##.#^#..#.#


You could see a quokka and a hobgoblin.

Vanquished Creatures
  A kobold (D:1)
  A bat (D:1)
  2 goblins (D:1)
4 creatures vanquished.

Notes
Turn   | Place    | Note
-------+----------+-------------------------------------------
     0 | D:1      | knot the Demonspawn Berserker began the quest for the Orb.
     0 | D:1      | Reached XP level 1. HP: 18/18 MP: 1/1
    47 | D:1      | Slain by a quokka

Illustrated notes

Levels and vault maps discovered:
D:1:      ncdulo_smallfort, layout_loops_ring,
          hellmonk_ecumenical_altar_leap_of_faith, chequers_decorated_corner

Action                   || total
-------------------------++-------
Melee: Hand axe          ||     8
Invok: Berserk           ||     1
Armor: Animal skin       ||     2
Dodge: Dodged            ||    11

Table legend: (Time is in decaauts)
 A = Elapsed time spent in this place.
 B = Non-inter-level travel time spent in this place.
 C = Inter-level travel time spent in this place.
 D = Time resting spent in this place.
 E = Time spent auto-exploring this place.
 F = Levels seen in this place.
 G = Mean time per level.
                   A        B        C        D        E       F      G
               +--------+--------+--------+--------+--------+-----+--------+
         Total |     46 |     46 |      0 |      0 |     35 |   1 |   46.0 |
       Dungeon |     46 |     46 |      0 |      0 |     35 |   1 |   46.0 |
               +--------+--------+--------+--------+--------+-----+--------+

Top non-repeatable levels by time:
     D:1: 46 daAuts
